← All builds
Tech / Armada / Economy first / OBSERVED BUILD

Standard tech

Standard Tech play: rush T2 factory and constructor by ~4:15-4:33, upgrade the first mexes to advanced, and hand off constructors and army to Geo and allies while scaling eco over the game.

Usually first T2 con to Geo (85%)

#eco #t2 #team support · 681 distinct matches · 101 players · 59% of Armada Tech games · team won 53% of 793 · Recently observed

HOW TO PLAY IT

Key timing: T2 lab by 4:15

  1. Take 3 mex, then wind and a Bot Lab to open eco fast.
  2. Push T2 lab out, aim to pass T2 to air player.
  3. Get first T2 constructor building, prioritize mex upgrades over eco.
  4. Finish Advanced Metal Extractor, keep upgrading team's mex.
  5. Add fus and anti-nuke, keep feeding T2 cons and Umbrella/Citadel to team.

Phase by phase

TYPICAL OF ITS 681 GAMES
  1. 1
  2. 2
  3. 3
  4. 4
PLAY THE OPENING

Follow the example game's first 6:00 step by step: what to build now, what comes next, and where it goes. At 1× it keeps pace with your own game.

  1. 1

    Up to the Bot Lab

    Economy
    • Metal Extractor3Mex
    • Wind Turbine4Wind
    Order
    1. Bot LabBot Lab after 3 mex, 4 winddone ~1:18, middle half 1:13–1:32

    Some games also: energy storage (30%)

    By 1:01 in all: 3 mex · 4 wind

    The example game in this phase · 4 steps
    1. Mex ×3
    2. Wind ×6
    3. Energy storage
    4. Bot LabBot Labdone 1:41 · typical 1:18
  2. 2

    Bot Lab to Advanced Bot Lab

    Economy
    • Metal Extractor1Mex
    • Wind Turbine8Wind
    • Energy Storage1Energy storage
    Order
    1. Advanced Bot LabAdvanced Bot Lab after 4 mex, 12 wind, 3 con turretdone ~4:15, middle half 4:04–4:27
    Builders
    • Construction Turret3 Con turret
    • Lazarus3 Lazarus
    • Construction Bot2 Con bot
    • Construction Bot1 Con bot for allies

    Some games also: converter (36%)

    By 3:20 in all: 4 mex · 12 wind · 1 energy storage · 3 con turret

    The example game in this phase · 7 steps
    1. Construction BotCon bot
    2. Construction BotCon botfor Air
    3. LazarusLazarus ×3
    4. Mex
    5. Construction BotCon bot
    6. Con turret ×2
    7. Advanced Bot LabAdvanced Bot Labdone 3:39 · typical 4:15
  3. 3

    Advanced Bot Lab to 5:00

    Economy
    • Wind Turbine2Wind
    Builders
    • Advanced Construction Bot1 T2 con bot for allies

    Some games also: converter (35%)

    By 5:00 in all: 4 mex · 15 wind · 2 converter · 1 energy storage · 3 con turret

    The example game in this phase · 5 steps
    1. Con turret
    2. Advanced Construction BotT2 con botfor Geo
    3. Advanced Metal ExtractorT2 mexdone 4:25 · typical 5:28
    4. FatboyFatboyfor Ponddone 4:53
    5. Advanced Construction BotT2 con botfor Air
  4. 4

    5:00 to 10:00

    Economy
    • Wind Turbine43Wind
    • Energy Converter5Converter
    Builders
    • Butler8 Butler
    • Advanced Construction Bot4 T2 con bot for allies
    • Advanced Construction Bot1 T2 con bot

    Some games also: con turret (46%) · Butler for allies (38%)

    By 10:00 in all: 4 mex · 58 wind · 7 converter · 1 energy storage · 3 con turret

    The example game in this phase · 361 steps
    1. Advanced Metal ExtractorT2 mex ×2
    2. Advanced Construction BotT2 con botfor Pond
    3. ButlerButler ×2
    4. Advanced Metal ExtractorT2 mex
    5. Wind
    6. ButlerButler
    7. Wind
    8. ButlerButler
    9. Wind
    10. Advanced Construction BotT2 con botfor Suicide front
    11. Wind ×2
    12. Advanced Construction BotT2 con botfor Geo sea
    13. Wind ×5
    14. ButlerButler
    15. Wind
    16. ButlerButler
    17. Wind ×3
    18. ButlerButler
    19. Wind ×3
    20. Advanced Construction BotT2 con botfor Beach sea
    21. Wind ×7
    22. ButlerButler
    23. Wind ×4
    24. HoundHound
    25. Wind ×4
    26. Converter
    27. Wind ×4
    28. HoundHound
    29. Wind ×6
    30. Converter
    31. Wind ×3
    32. HoundHound
    33. Wind ×2
    34. Converter
    35. Wind ×5
    36. Converter
    37. HoundHound
    38. GunslingerGunslingernot finished by 15:00
    39. Wind ×2
    40. HoundHound
    41. SharpshooterSniper botdone 9:48
    42. Wind ×13
    43. ButlerButler
    44. Converter
    45. Wind ×3
    46. ButlerButler
    47. Wind ×3
    48. Converter
    49. ButlerButler
    50. Wind ×3
    51. Converter
    52. Wind ×4
    53. Converter
    54. SprinterSprinterfor Pond
    55. Wind ×3
    56. Converter
    57. Wind ×2
    58. SprinterSprinterfor Pond
    59. Converter
    60. Wind
    61. Converter
    62. Wind ×5
    63. SprinterSprinterfor Pond
    64. Converter
    65. Wind ×5
    66. Converter
    67. SprinterSprinterfor Pond
    68. Wind ×3
    69. Converter
    70. SprinterSprinterfor Pond
    71. Wind ×6
    72. Converter
    73. Wind
    74. GunslingerGunslingerfor Pond
    75. Wind ×3
    76. Converter ×2
    77. Wind ×6
    78. Converter
    79. Wind ×4
    80. Converter
    81. Wind ×3
    82. Converter
    83. Wind ×2
    84. WelderWelder
    85. HoundHound
    86. Wind ×2
    87. Advanced Construction BotT2 con bot
    88. Wind
    89. Converter
    90. Wind ×3
    91. Converter
    92. Wind
    93. Converter
    94. Wind ×4
    95. Converter
    96. Wind
    97. Con turret
    98. Wind
    99. ButlerButler
    100. Wind ×2
    101. Converter
    102. Bot LabBot Labdone 12:13
    103. Wind ×3
    104. ButlerButler
    105. Wind ×3
    106. Converter
    107. Wind ×2
    108. Converter
    109. Wind ×5
    110. Bot LabBot Labdone 12:29
    111. Converter
    112. Wind ×3
    113. Con turret
    114. Wind ×2
    115. Converter
    116. Wind ×3
    117. Bot LabBot Labdone 12:51
    118. Con turret
    119. Wind
    120. TickTick
    121. Wind
    122. Converter
    123. Wind ×2
    124. TickTick
    125. Con turret
    126. TickTick
    127. Wind ×5
    128. Con turret
    129. TickTick
    130. Wind
    131. Converter
    132. TickTick
    133. Wind ×2
    134. TickTick
    135. Wind
    136. TickTick
    137. Con turret
    138. TickTick
    139. Wind ×2
    140. TickTick
    141. Converter
    142. TickTick
    143. Wind ×2
    144. TickTick
    145. Wind ×2
    146. TickTick ×2
    147. Energy storage
    148. TickTick
    149. Wind
    150. TickTick
    151. Wind
    152. Converter
    153. Wind
    154. TickTick ×2
    155. Wind
    156. TickTick ×2
    157. Wind ×2
    158. TickTick ×4
    159. Converter
    160. Wind
    161. Converter
    162. TickTick
    163. Wind
    164. TickTick ×3
    165. Wind ×3
    166. TickTick ×5
    167. Wind
    168. TickTick
    169. Wind
    170. TickTick
    171. Wind
    172. TickTick ×2
    173. Converter
    174. TickTick ×3
    175. Wind
    176. TickTick ×2
    177. Wind
    178. TickTick
    179. Wind
    180. TickTick
    181. Converter
    182. TickTick ×2
    183. Wind
    184. TickTick ×3
    185. Wind
    186. TickTick
    187. Converter
    188. Wind ×2
    189. TickTick ×5
    190. Wind
    191. TickTick ×3
    192. Wind ×2
    193. TickTick ×3
    194. Converter
    195. TickTick ×2
    196. Wind
    197. TickTick
    198. Wind
    199. TickTick
    200. Wind
    201. TickTick
    202. Converter
    203. Wind
    204. TickTick ×4
    205. Wind
    206. TickTick ×2
    207. Wind ×3
    208. TickTick ×3
    209. Converter
    210. TickTick ×3
    211. Wind ×2
    212. TickTick
    213. Wind
    214. TickTick ×2
    215. Bot LabBot Labdone 13:35
    216. TickTick ×4
    217. Converter
    218. Wind
    219. TickTick
    220. Wind ×2
    221. TickTick ×3
    222. Converter
    223. TickTick ×3
    224. Wind ×2
    225. TickTick ×3
    226. Wind
    227. TickTick ×5
    228. Wind
    229. TickTick
    230. Wind
    231. TickTick ×2
    232. Wind
    233. TickTick
    234. Converter
    235. TickTick ×5
    236. Converter
    237. Wind
    238. TickTick
    239. Wind
    240. TickTick
    241. Wind
    242. TickTick ×7
    243. Wind
    244. TickTick ×2
    245. Converter
    246. Wind
    247. TickTick
    248. Wind
    249. TickTick ×7
    250. Wind
    251. TickTick
    252. Wind
    253. TickTick ×2
    254. Wind
    255. TickTick ×3
    256. Converter
    257. TickTick ×2
    258. Wind
    259. TickTick ×3
    260. Wind
    261. TickTick
    262. Wind
    263. TickTick ×5
    264. Wind
    265. TickTick
    266. Converter
    267. TickTick ×2
    268. Wind
    269. TickTick ×2
    270. Wind
    271. Converter
    272. TickTick ×4
    273. Wind
    274. TickTick ×3
    275. Converter
    276. TickTick
    277. Wind ×2
    278. TickTick ×6
    279. Converter
    280. Wind
    281. TickTick ×4
    282. Wind ×2
    283. TickTick ×7
    284. Wind ×2
    285. TickTick ×2
    286. Wind
    287. TickTick ×2
    288. Converter
    289. TickTick
    290. Converter
    291. TickTick ×4
    292. Wind
    293. TickTick
    294. Wind ×2
    295. TickTick ×4
    296. Converter
    297. TickTick ×2
    298. Wind ×2
    299. TickTick ×4
    300. Wind
    301. Converter
    302. TickTick ×3
    303. Converter
    304. TickTick ×2
    305. Wind
    306. TickTick ×3
    307. Wind
    308. TickTick
    309. Wind
    310. TickTick ×6
    311. Wind
    312. TickTick ×2
    313. Wind
    314. Converter
    315. TickTick
    316. Wind
    317. TickTick ×6
    318. Wind
    319. TickTick ×3
    320. Wind
    321. TickTick
    322. Wind
    323. TickTick ×7
    324. Wind
    325. Converter
    326. Wind
    327. TickTick ×4
    328. Wind
    329. TickTick ×6
    330. Wind
    331. TickTick
    332. Wind
    333. TickTick ×2
    334. Wind
    335. TickTick
    336. Converter
    337. TickTick
    338. Converter
    339. TickTick ×3
    340. Wind
    341. TickTick
    342. Wind
    343. TickTick ×2
    344. Wind
    345. TickTick ×5
    346. Wind
    347. TickTick
    348. Wind
    349. TickTick ×2
    350. Wind
    351. TickTick ×2
    352. Converter ×2
    353. TickTick ×6
    354. Wind ×2
    355. TickTick ×3
    356. Wind
    357. TickTick ×5
    358. Wind
    359. TickTick ×3
    360. Wind
    361. Converter

Counts are medians over the build's games: half of them build more, half fewer. The example game is Crouxy's (36 OS, 19/09/2026); pick another.

Team trades

IN AT LEAST 30% OF ITS GAMES

You hand over

  • Construction Bot1 Con bot to Airfirst at 2:22 · in 88% of games
  • Advanced Construction Bot5 T2 con bot to Air or Pond or Geo seafirst at 4:46 · in 99% of games
  • Sharpshooter2 Sniper bot to Pondfirst at 5:23 · in 33% of games
  • Butler2 Butler to Geo sea or Beach sea or Pondfirst at 9:03 · in 42% of games

You get

  • Hercules1 Light transport from Airfirst at 3:59 · in 85% of games

How it plays out

Typical game of this build, running totals by minute

Metal produced

020k40k
0:005:0010:0015:00

metal

Enemy metal destroyed

0200400
0:005:0010:0015:00

metal

Own metal lost

0100200300
0:005:0010:0015:00

metal

793 games.

Show as table
ByMetal produced: This buildEnemy metal destroyed: This buildOwn metal lost: This build
1:0038300
2:0091500
3:00163500
4:00314800
5:00486300
6:00580700
7:00722000
8:00906100
9:001124700
10:001355300
11:001634200
12:001985000
13:002364400
14:0027360125130
15:0031473385260
WHAT THE NUMBERS SAY

This is the role's baseline and wins slightly more than half its games with a huge metal lead but almost no kills, showing its value is economic not combat.

  • + Produces 31389 metal by 15:00, far above other roles.
  • + Reaches T2 lab and constructor by 4:15-4:33 almost every game.
  • − Barely destroys any enemy metal (400 by 15:00), no combat presence.
  • − Fusion Reactor and anti-nuke only land in 44% of games.
THE EXAMPLE YOU ARE READING

Crouxy

36.3 OS · 19/09/2026

Open source match ↗

3 received units
2895 metal received · 66709 energy received

Allied construction assistance is unknown. Timings are observations, not a promise of solo reproducibility.

Typical milestones

Bot Lab1:18Middle 50%: 1:13–1:32 · n=793
Advanced Bot Lab4:15Middle 50%: 4:04–4:27 · n=787
Advanced Metal Extractor5:28Middle 50%: 5:06–5:58 · n=791

Played most by

Amrissa100games of this buildSyphos34games of this buildKOT_33games of this buildTeaner28games of this buildAdeus26games of this build